 Dungeon Crawl Stone Soup version 0.31-a0-234-gad7ace16ef (webtiles) character file.

Game seed: 14653575221298766886

149 qw the Shooter (level 5, -3/41 HPs)
             Began as a Minotaur Hexslinger on July 9, 2023.
             Slain by a gnoll
             ... wielding a +0 halberd
              (7 damage)
             ... on level 4 of the Dungeon.
             The game lasted 00:01:03 (3024 turns).

qw the Shooter (Minotaur Hexslinger)                Turns: 3024, Time: 00:01:04

Health: -3/41      AC:  8    Str: 12    XL:     5   Next: 9%
Magic:  5/5        EV: 11    Int: 10    God:
Gold:   119        SH:  0    Dex: 15    Spells: 5/6 levels left

rFire   . . .        Y - +1 sling
rCold   + . .        (no shield)
rNeg    . . .        c - +0 ring mail
rPois   .            (helmet restricted)
rElec   .            (no cloak)
rCorr   .            b - +1 pair of gloves
SInv    .            g - +0 pair of boots
Will    .....        i - amulet of the acrobat
Stlth   +            p - ring of protection from cold
HPRegen 0.26/turn    (no ring)
MPRegen 0.09/turn

%: acrobat
@: lethally poisoned (-3 -> -17)
A: horns 2, retaliatory headbutt
a: no special abilities


You were on level 4 of the Dungeon.
You visited 1 branch of the dungeon, and saw 4 of its levels.

You collected 179 gold pieces.
You spent 60 gold pieces at shops.


Innate Abilities, Weirdness & Mutations

You have a pair of horns on your head.
You reflexively headbutt those who attack you in melee.


   Skills:
 + Level 2.2 Fighting
 - Level 5.4 Ranged Weapons
 - Level 1.0 Armour
 - Level 2.1 Dodging
 - Level 1.0 Spellcasting
 - Level 2.0 Hexes


You had 5 spell levels left.
You knew the following spells:

 Your Spells              Type           Power      Damage    Failure   Level
a - Slow                  Hex            16%        N/A       34%         1

Your spell library contained the following spells:

 Spells                   Type           Power      Damage    Failure   Level
 Inner Flame              Hex/Fire       2%         N/A       83%         3
 Portal Projectile        Hex/Tloc       4%         N/A       83%         3
 Cause Fear               Hex            2%         N/A       98%         4

Inventory:

Hand Weapons
 Y - a +1 sling (weapon)
Armour
 b - a +1 pair of gloves (worn)
 c - a +0 ring mail (worn)
 g - a +0 pair of boots (worn)
Jewellery
 i - an amulet of the acrobat (around neck)
 p - a ring of protection from cold (left hand)
Scrolls
 a - 3 scrolls of identify
Potions
 f - a potion of might

Dungeon Overview and Level Annotations

Branches:
Dungeon (4/15)
 Temple: D:4-7

Altars:
The Shining One

Shops:
D:2 *

Annotations:
D:4 Eustachio


Message History

The gnoll is heavily wounded.
The hobgoblin closely misses you.
The gnoll hits you from afar with a +0 halberd.
The gnoll hits you but does no damage.
The phantom hits you but does no damage.
The gnoll misses you. The gnoll barely misses you.
The gnoll closely misses you. You furiously retaliate!
You headbutt the gnoll! The goblin hits you but does no damage.
You are poisoned.
The hobgoblin hits you but does no damage.
The gnoll hits you but does no damage. The phantom closely misses you.
An orc comes into view. It is wielding a +0 short sword.
You shoot a sling bullet.
The sling bullet closely misses the phantom.
The sling bullet closely misses the gnoll.
The orc shouts!
You feel very sick. The hobgoblin misses you.
Eustachio mumbles some strange words.
The phantom hits you but does no damage.
The gnoll misses you. The gnoll hits you with a +0 whip!
The goblin hits you but does no damage. The gnoll hits you but does no damage.
You shoot a sling bullet. The sling bullet hits the phantom.
The phantom is severely damaged.
You feel sick.
The shadow imp disappears in a puff of smoke!
The goblin closely misses you.
The hobgoblin hits you but does no damage.
The gnoll hits you but does no damage. The gnoll hits you with a +0 whip.
The gnoll hits you but does no damage. The phantom hits you.
The white imp shouts, "Bolt, thou mewling tip-merry surfacer!"
You shoot a sling bullet.
The sling bullet hits the phantom but does no damage.
The phantom is severely damaged.
You feel sick. The goblin hits you but does no damage.
You are lethally poisoned!
The hobgoblin hits you but does no damage.
The gnoll closely misses you. You furiously retaliate!
You headbutt the gnoll.
The gnoll hits you from afar with a +0 halberd!
You die...

......# ....g.. ##...#
.....# ##...### ..g..#
##########).#...##....5##
#..........####)#......5.
#.<........##...%?..@....
#..........ggr...........
###########Wgg5....[.5...
#@gb5........#.
#gg@.......g...
#rb.........g..
#..............
##..>o....###.. .......
.....(. .......


You could see Eustachio, a phantom, 5 gnolls, a crimson imp (summoned), a river
rat (summoned), a white imp (summoned), an orc, a hobgoblin, a goblin, 2 bats
and a rat (summoned).

Vanquished Creatures
  A howler monkey (D:4)
  An iguana (D:4)
  4 adders
  An ufetubus (D:4)
  A worm (D:3)
  6 ball pythons
  3 endoplasms
  2 giant cockroaches
  5 goblins
  A hobgoblin (D:2)
  4 jackals (D:3)
  5 quokkas
  6 bats
  A frilled lizard (D:1)
  3 kobolds
44 creatures vanquished.

Notes
Turn   | Place    | Note
-------+----------+-------------------------------------------
     0 | D:1      | qw the Minotaur Hexslinger began the quest for the Orb.
     0 | D:1      | Reached XP level 1. HP: 16/16 MP: 1/1
     0 | D:1      | 0 ||| qw: Version: 0.3-a-51-g015441d
     0 | D:1      | 0 ||| qw: Game counter: 4319
     0 | D:1      | 0 ||| qw: Melee chars always use a shield: true
     0 | D:1      | 0 ||| qw: God list: Okawaru
     0 | D:1      | 0 ||| qw: Allow faded altars: false
     0 | D:1      | 0 ||| qw: Do Orc after clearing Dungeon:15 true
     0 | D:1      | 0 ||| qw: Do second Lair branch before Depths: true
     0 | D:1      | 0 ||| qw: Lair rune preference: random
     0 | D:1      | 0 ||| qw: Goals: Normal
     0 | D:1      | 0 ||| PLANNING D:1-11
   431 | D:1      | Reached skill level 3 in Ranged Weapons
   697 | D:1      | 697 ||| READING 2 scrolls labelled UKEL WAOSUAFF.
   698 | D:1      | 698 ||| DROPPING scroll of poison.
   737 | D:2      | Reached XP level 2. HP: 23/23 MP: 2/2
  1011 | D:2      | Reached XP level 3. HP: 29/29 MP: 3/3
  1086 | D:2      | Found Igieh Nolu's Assorted Antiques.
  1095 | D:2      | 1095 ||| SHOPLISTING jewelled lead wand (120 gold, have
                  | 96).
  1095 | D:2      | 1095 ||| SHOPLISTING ring mail (120 gold, have 96).
  1095 | D:2      | 1095 ||| SHOPLISTING runed diamond ring (150 gold, have
                  | 96).
  1095 | D:2      | 1095 ||| BUYING scroll of identify (60 gold).
  1095 | D:2      | Bought a scroll of identify for 60 gold pieces
  1095 | D:2      | 1095 ||| SHOPLISTING scroll of identify (60 gold, have 36).
  1246 | D:2      | 1246 ||| UPGRADING to +0 pair of boots.
  1251 | D:2      | 1251 ||| READING scroll labelled WAPTIJ FIESTRAQ.
  1252 | D:2      | 1252 ||| READING scroll labelled LOJAGEJOK.
  1253 | D:2      | 1253 ||| DRINKING 2 inky potions.
  1254 | D:2      | 1254 ||| READING 3 scrolls of identify.
  1254 | D:2      | 1254 ||| IDENTIFYING metallic yellow potion
  1255 | D:2      | 1255 ||| READING 2 scrolls of identify.
  1255 | D:2      | 1255 ||| IDENTIFYING brown potion
  1256 | D:2      | 1256 ||| DROPPING potion of ambrosia.
  1510 | D:3      | Identified the +1 whip "Poqen" {venom, Dex+2}
  1645 | D:3      | Reached skill level 4 in Ranged Weapons
  2038 | D:3      | Found a faded altar of an unknown god.
  2370 | D:3      | 2370 ||| UPGRADING to +0 pair of gloves.
  2375 | D:3      | 2375 ||| UPGRADING to +0 leather armour.
  2385 | D:3      | 2385 ||| DROPPING +0 robe.
  2386 | D:3      | 2386 ||| UPGRADING to amulet of the acrobat.
  2391 | D:3      | 2391 ||| UPGRADING to ring of protection from cold.
  2392 | D:3      | 2392 ||| READING 2 scrolls labelled ZOT WEPIUSYUTOUCAA.
  2493 | D:3      | 2493 ||| READING scroll labelled JAIRPHI BUEL.
  2494 | D:3      | 2494 ||| READING 2 scrolls labelled OPHI CEMASKOKA.
  2495 | D:3      | 2495 ||| READING scroll of enchant armour.
  2495 | D:3      | 2495 ||| ENCHANTING +0 pair of gloves.
  2496 | D:3      | 2496 ||| READING scroll labelled POILUOD ROLAI.
  2497 | D:3      | 2497 ||| DRINKING 2 pink potions.
  2498 | D:3      | 2498 ||| READING 3 scrolls of identify.
  2498 | D:3      | 2498 ||| IDENTIFYING red potion
  2499 | D:3      | 2499 ||| READING 2 scrolls of identify.
  2499 | D:3      | 2499 ||| IDENTIFYING fizzy coppery potion
  2500 | D:3      | 2500 ||| DROPPING scroll of silence.
  2501 | D:3      | 2501 ||| DROPPING potion of berserk rage.
  2502 | D:3      | 2502 ||| DROPPING potion of brilliance.
  2503 | D:3      | 2503 ||| DROPPING potion of degeneration.
  2522 | D:3      | 2522 ||| STAIRDANCE
  2526 | D:3      | 2526 ||| STAIRDANCE
  2530 | D:3      | 2530 ||| STAIRDANCE
  2534 | D:3      | 2534 ||| STAIRDANCE
  2538 | D:3      | 2538 ||| STAIRDANCE
  2542 | D:3      | 2542 ||| STAIRDANCE
  2546 | D:3      | 2546 ||| STAIRDANCE
  2550 | D:3      | 2550 ||| STAIRDANCE
  2554 | D:3      | 2554 ||| STAIRDANCE
  2558 | D:3      | 2558 ||| STAIRDANCE
  2562 | D:3      | 2562 ||| STAIRDANCE
  2566 | D:3      | 2566 ||| STAIRDANCE
  2570 | D:3      | 2570 ||| STAIRDANCE
  2574 | D:3      | 2574 ||| STAIRDANCE
  2578 | D:3      | 2578 ||| STAIRDANCE
  2582 | D:3      | 2582 ||| STAIRDANCE
  2586 | D:3      | 2586 ||| STAIRDANCE
  2590 | D:3      | 2590 ||| STAIRDANCE
  2594 | D:3      | 2594 ||| STAIRDANCE
  2598 | D:3      | 2598 ||| STAIRDANCE
  2837 | D:3      | Reached XP level 4. HP: 35/36 MP: 4/4
  2845 | D:3      | Found a glowing golden altar of the Shining One.
  2861 | D:3      | 2861 ||| UPGRADING to +0 ring mail.
  2871 | D:3      | 2871 ||| DROPPING +0 leather armour.
  2997 | D:4      | Noticed a phantom
  2999 | D:4      | Noticed Eustachio
  3002 | D:4      | Reached skill level 1 in Armour
  3007 | D:4      | Reached skill level 5 in Ranged Weapons
  3007 | D:4      | Reached XP level 5. HP: 39/41 MP: 5/5
  3019 | D:4      | HP: 10/41 [gnoll/+0 halberd (6)]
  3020 | D:4      | 3020 ||| DRINKING potion of heal wounds.
  3023 | D:4      | HP: 4/41 [phantom (4)]
  3024 | D:4      | Slain by a gnoll

Levels and vault maps discovered:
D:1:      evilmike_arrival_rings, layout_loops_cross
D:2:      layout_basic, serial_shops, shop
D:3:      layout_basic, tso_altar, shapermc_ecumenical_altar_flowoftime,
          chequers_serial_rivers_marsh, corexii_leaking_fountain,
          nicolae_hexahallways, minmay_pentangle
D:4:      layout_rooms, gammafunk_ghost_necromancy, minmay_hedge_maze,
          hangedman_minor_gate_pass, uniq_natasha, uniq_eustachio

Skill      XL: |  1  2  3  4 |
---------------+-------------+-----
Ranged Weapons | 3 4 5 |  5.4
Fighting       | 2 |  2.2
Armour         | 1 |  1.0
Dodging        | |  2.1
Spellcasting   | |  1.0
Hexes          | |  2.0

Action                     |  1- 3 |  4- 6 || total
---------------------------+-------+-------++-------
   Fire: Sling             |   124 |    33 ||   157
    Use: Scroll            |    12 |       ||    12
         Potion            |     2 |     1 ||     3
 Armour: Robe              |     9 |       ||     9
         Leather armour    |     7 |     2 ||     9
         Ring mail         |       |    36 ||    36
  Dodge: Dodged            |    41 |    61 ||   102

Table legend:
 A = Non-vault XP
 B = Vault XP
 C = Vault XP percentage of total XP
 D = Non-vault monster count
 E = Vault monster count
 F = Vault count percentage of total count
                 A         B        C        D         E       F
            +---------+---------+-------+---------+---------+-------
      Total |     211 |       2 |   0.9 |      43 |       1 |   2.3
            +---------+---------+-------+---------+---------+-------
        D:1 |      11 |       0 |   0.0 |       7 |       0 |   0.0
        D:2 |      35 |       0 |   0.0 |      15 |       0 |   0.0
        D:3 |      52 |       2 |   3.7 |      15 |       1 |   6.2
        D:4 |     113 |       0 |   0.0 |       6 |       0 |   0.0
            +---------+---------+-------+---------+---------+-------
